RedWings vs Panthers

Created - 19 avril 2019 at 21:52

Goals
1 2 3 T
RedWings 1 1 0 2
Panthers 2 1 1 4
Shots
1 2 3 T
RedWings 11 10 6 27
Panthers 10 11 13 34

1st period

1. Panthers , Blake Wheeler 36 (Drew Doughty 60, T.J. Brodie 21) at 12:26
2. Panthers , T.J. Brodie 11 (Blake Wheeler 35, Tyler Seguin 47) at 13:54
3. RedWings , Erik Haula 14 (Kyle Brodziak 6, Andrew Cogliano 18) at 17:09

Penalties :
Nikolaj Ehlers (FLA) for High sticking (Minor) at 14:42, Joe Thornton (FLA) for Hooking (Minor) at 18:32

2nd period

4. Panthers , Tyler Seguin 30 (Blake Wheeler 36, Michael Matheson 30) at 7:36
5. RedWings , Kris Russell 10 (Jake Gardiner 52, Andrew Cogliano 19) at 8:39 (PP)

Penalties :
Erik Haula (DET) for Tripping (Minor) at 1:07, Joe Thornton (FLA) for Holding (Minor) at 5:08, Patrik Laine (FLA) for Hooking (Minor) at 8:26, Justin Williams (FLA) for Interference (Minor) at 13:28

3rd period

6. Panthers , Patrik Laine 14 (Nikolaj Ehlers 33, Aleksander Barkov 47) at 14:45

Penalties :
Filip Forsberg (DET) for Interference (Minor) at 0:23, John Gibson (DET) for Slashing (Minor) at 3:39 - Brayden Schenn served the penalty.

Goalie Stats

John Gibson (DET), 30 saves from 34 shots - (0.882), L, 36-17-6, 60:00 minutes
Cam Ward (FLA), 25 saves from 27 shots - (0.926), W, 7-5-1, 60:00 minutes

Players Stats for RedWings

Player Name              G  A  P  +/- PIM S  H  SB GA TA FO     MP     PP MP  PK MP  
------------------------------------------------------------------------------------
Andrew Cogliano          0  2  2   1  0   1  3  0  0  0  0/2    13:04   3:58   3:45 
Ben Lovejoy              0  0  0  -1  0   0  3  1  0  0  0/0    18:18   3:10   0:00 
Brayden Schenn           0  0  0  -1  0   3  1  0  0  0  7/23   19:06   3:58   0:10 
Dan Hamhuis              0  0  0   0  0   2  3  2  0  0  0/0    18:51   0:00   2:34 
David Pastrnak           0  0  0  -3  0   3  0  0  0  0  0/2    18:15   4:11   0:00 
Erik Haula               1  0  1   1  2   1  0  0  0  0  0/0     5:20   0:00   0:00 
Filip Forsberg           0  0  0  -1  2   3  0  0  0  0  0/1    16:35   0:11   1:27 
Frans Nielsen            0  0  0   0  0   1  0  1  0  0  5/13   13:33   0:00   2:02 
Jake Gardiner            0  1  1  -2  0   1  2  2  0  0  0/0    22:51   4:59   3:23 
Jonathan Drouin          0  0  0  -3  0   1  1  0  0  0  0/0    14:49   0:00   0:45 
Kris Russell             1  0  1  -2  0   2  2  0  0  0  0/0    22:51   4:59   3:23 
Kyle Brodziak            0  1  1   1  0   1  1  0  0  0  2/11    9:06   0:00   3:45 
Micheal Ferland          0  0  0   0  0   0  6  0  0  0  2/3    15:42   4:11   0:00 
Nick Jensen              0  0  0   0  0   0  2  3  0  0  0/0    15:36   0:00   0:00 
Paul Martin              0  0  0  -1  0   0  1  2  0  0  0/0    21:33   3:10   2:34 
Ryan Hartman             0  0  0   0  0   1  0  0  0  0  0/1    11:31   0:00   0:00 
Sean Monahan             0  0  0  -3  0   4  1  0  0  0  7/18   18:15   4:11   0:00 
Tyler Toffoli            0  0  0  -1  0   3  0  0  0  0  0/0    18:45   3:47   0:00 

Players Stats for Panthers

Player Name              G  A  P  +/- PIM S  H  SB GA TA FO     MP     PP MP  PK MP  
------------------------------------------------------------------------------------
Aleksander Barkov        0  1  1   1  0   5  0  0  0  0  15/20  18:03   3:03   2:32 
Andrew Ladd              0  0  0  -1  0   1  2  0  0  0  1/1    11:29   0:00   0:37 
Blake Wheeler            1  2  3   3  0   4  2  0  0  0  0/1    18:58   2:54   0:00 
Brandon Carlo            0  0  0   0  0   0  2  1  0  0  0/0    16:54   0:00   0:14 
Charlie McAvoy           0  0  0   0  0   0  0  1  0  0  0/0    23:07   2:40   3:47 
Drew Doughty             0  1  1   3  0   1  3  2  0  0  0/0    24:35   2:40   4:22 
Francois Beauchemin      0  0  0   0  0   0  2  1  0  0  0/0    15:14   0:00   3:33 
Joe Thornton             0  0  0  -1  4   3  1  0  0  0  6/9    10:50   0:00   0:00 
Joel Armia               0  0  0   0  0   2  0  0  0  0  0/0     8:47   0:00   2:17 
Justin Williams          0  0  0  -1  2   0  1  0  0  0  0/2    10:51   0:00   0:00 
Luke Glendening          0  0  0   0  0   3  1  1  0  0  13/20  11:30   0:00   5:00 
Matthew Tkachuk          0  0  0   3  0   1  2  0  0  0  0/0    19:50   2:54   0:52 
Melker Karlsson          0  0  0   0  0   2  0  0  0  0  1/1    11:30   0:00   5:00 
Michael Matheson         0  1  1   1  0   1  0  0  0  0  0/0    16:07   3:17   0:00 
Nikolaj Ehlers           0  1  1   1  2   2  0  0  0  0  2/2    15:30   3:03   0:00 
Patrik Laine             1  0  1   1  2   6  1  0  0  0  0/1    15:30   3:03   0:00 
T.J. Brodie              1  1  2   2  0   1  1  0  0  0  0/0    24:03   3:17   4:22 
Tyler Seguin             1  1  2   3  0   2  1  0  0  0  13/17  18:58   2:54   0:00 

3 Stars

1 - Blake Wheeler (FLA)
2 - Tyler Seguin (FLA)
3 - T.J. Brodie (FLA)

Power Play

RedWings - 1 on 5 Attempt(s) - 20.00%
Panthers - 0 on 3 Attempt(s) - 0.00%

Penalty Kill

RedWings - 3 on 3 Attempt(s) - 100.00% - Score 0 goal in Penalty Kill
Panthers - 4 on 5 Attempt(s) - 80.00% - Score 0 goal in Penalty Kill

Team Stat

RedWings - Hits : 26 - Faceoff Wins : 23 - Blocked Shots : 11 - Penalty Minutes : 6
Panthers - Hits : 19 - Faceoff Wins : 51 - Blocked Shots : 6 - Penalty Minutes : 10

Official

Referees : Tom Chmielewski and Brad Watson
Linesman : Jonny Murray and Greg Devorski

Game Notes

No Game Note

Finance

Level 1 -- Attendance: 6000 (100.00%) -- Ticket Income 660 000 $
Level 2 -- Attendance: 5000 (100.00%) -- Ticket Income 375 000 $
Level 3 -- Attendance: 3369 (96.26%) -- Ticket Income 168 450 $
Level 4 -- Attendance: 3279 (87.44%) -- Ticket Income 65 580 $
Luxury Box -- Attendance: 886 (88.60%) -- Ticket Income 181 630 $
Game was played at the BBT Center.
Total Attendance: 18534 (96.28%)
Total Ticket Income: 1 450 660 $
Other Income: 710 823 $
Total Income: 2 161 483 $

% Time on Ice - RedWings

Lines # - Real PCT - Wanted PCT - Time Play
Normal Forward
1 - 33% - 40% - 14:58
2 - 31% - 30% - 14:04
3 - 25% - 20% - 11:31
4 - 12% - 10% - 5:21
Normal Defense
1 - 29% - 40% - 13:26
2 - 35% - 30% - 16:17
3 - 33% - 20% - 15:08
4 - 2% - 10% - 1:03
PP Forward
1 - 51% - 60% - 4:11
2 - 49% - 40% - 3:58
PP Defense
1 - 61% - 60% - 4:59
2 - 39% - 40% - 3:10
PK Forward
1 - 66% - 60% - 3:55
2 - 34% - 40% - 2:02
PK Defense
1 - 57% - 60% - 3:23
2 - 43% - 40% - 2:34
PK3 Forward
1 - 0% - 60%
2 - 0% - 40%
PK3 Defense
1 - 0% - 60%
2 - 0% - 40%
44 Forward
1 - 0% - 60%
2 - 0% - 40%
44 Defense
1 - 0% - 60%
2 - 0% - 40%
Last Minute Offensive  - 0:00
Last Minute Defensive  - 0:00
Total
Forward - 60:00
Defense - 60:00

% Time on Ice - Panthers

Lines # - Real PCT - Wanted PCT - Time Play
Normal Forward
1 - 35% - 40% - 16:04
2 - 27% - 30% - 12:28
3 - 24% - 20% - 10:52
4 - 14% - 10% - 6:30
Normal Defense
1 - 36% - 42% - 16:24
2 - 36% - 36% - 16:40
3 - 25% - 22% - 11:41
4 - 3% - 0% - 1:09
PP Forward
1 - 49% - 55% - 2:54
2 - 51% - 45% - 3:03
PP Defense
1 - 45% - 55% - 2:40
2 - 55% - 45% - 3:17
PK Forward
1 - 72% - 60% - 5:52
2 - 28% - 40% - 2:17
PK Defense
1 - 54% - 50% - 4:22
2 - 46% - 50% - 3:47
PK3 Forward
1 - 0% - 60%
2 - 0% - 40%
PK3 Defense
1 - 0% - 50%
2 - 0% - 50%
44 Forward
1 - 0% - 60%
2 - 0% - 40%
44 Defense
1 - 0% - 60%
2 - 0% - 40%
Last Minute Offensive  - 0:00
Last Minute Defensive  - 0:00
Total
Forward - 60:00
Defense - 60:00

Play-by-Play

1st period


0:01 of 1st period - Tyler Seguin wins face-off versus Brayden Schenn in neutral zone.
0:28 of 1st period - Shot by Blake Wheeler.
0:28 of 1st period - Stopped by John Gibson without a rebound.
0:29 of 1st period - Aleksander Barkov wins face-off versus Sean Monahan in RedWings zone.
0:53 of 1st period - Shot by David Pastrnak.
0:53 of 1st period - Stopped by Cam Ward with a rebound.
0:55 of 1st period - Shot by Paul Martin.
0:55 of 1st period - Shot Blocked by Charlie McAvoy.
1:15 of 1st period - Aleksander Barkov is hit by Jonathan Drouin and loses puck.
1:42 of 1st period - Shot by Joe Thornton.
1:42 of 1st period - Stopped by John Gibson without a rebound.
1:43 of 1st period - Tyler Seguin wins face-off versus Brayden Schenn in RedWings zone.
1:47 of 1st period - Tyler Seguin is hit by Kris Russell and loses puck.
2:10 of 1st period - Shot by Brayden Schenn.
2:10 of 1st period - Shot Misses the Net.
2:18 of 1st period - Icing by Jake Gardiner.
2:19 of 1st period - Luke Glendening wins face-off versus Brayden Schenn in RedWings zone.
2:31 of 1st period - Icing by Kris Russell.
2:32 of 1st period - Brayden Schenn wins face-off versus Joe Thornton in RedWings zone.
2:39 of 1st period - Filip Forsberg is hit by Andrew Ladd and loses puck.
3:27 of 1st period - Off-side.
3:28 of 1st period - Luke Glendening wins face-off versus Kyle Brodziak in neutral zone.
3:59 of 1st period - Shot by Andrew Cogliano.
3:59 of 1st period - Stopped by Cam Ward without a rebound.
4:00 of 1st period - Tyler Seguin wins face-off versus Sean Monahan in Panthers zone.
4:28 of 1st period - Icing by Nick Jensen.
4:29 of 1st period - Sean Monahan wins face-off versus Aleksander Barkov in RedWings zone.
4:42 of 1st period - Shot by Sean Monahan.
4:42 of 1st period - Deflect By Jonathan Drouin.
4:42 of 1st period - Stopped by Cam Ward without a rebound.
4:43 of 1st period - Andrew Ladd wins face-off versus Frans Nielsen in Panthers zone.
4:51 of 1st period - T.J. Brodie is hit by Micheal Ferland and loses puck.
5:06 of 1st period - Shot by Frans Nielsen.
5:06 of 1st period - Stopped by Cam Ward without a rebound.
5:07 of 1st period - Nikolaj Ehlers wins face-off versus Brayden Schenn in Panthers zone.
5:31 of 1st period - Icing by Dan Hamhuis.
5:32 of 1st period - Tyler Seguin wins face-off versus Brayden Schenn in RedWings zone.
6:15 of 1st period - Icing by Dan Hamhuis.
6:16 of 1st period - Aleksander Barkov wins face-off versus Brayden Schenn in RedWings zone.
6:17 of 1st period - Shot by Nikolaj Ehlers.
6:17 of 1st period - Stopped by John Gibson without a rebound.
6:18 of 1st period - Frans Nielsen wins face-off versus Aleksander Barkov in RedWings zone.
6:28 of 1st period - Icing by Aleksander Barkov.
6:29 of 1st period - Nikolaj Ehlers wins face-off versus Sean Monahan in Panthers zone.
7:00 of 1st period - Shot by Nikolaj Ehlers.
7:00 of 1st period - Shot Misses the Net.
7:49 of 1st period - Shot by Blake Wheeler.
7:49 of 1st period - Deflect By Matthew Tkachuk.
7:49 of 1st period - Stopped by John Gibson with a rebound.
7:52 of 1st period - Icing by Jake Gardiner.
7:53 of 1st period - Sean Monahan wins face-off versus Justin Williams in RedWings zone.
8:26 of 1st period - Shot by Joe Thornton.
8:26 of 1st period - Shot Misses the Net.
9:16 of 1st period - Shot by Joel Armia.
9:16 of 1st period - Stopped by John Gibson without a rebound.
9:17 of 1st period - Kyle Brodziak wins face-off versus Blake Wheeler in RedWings zone.
9:17 of 1st period - Kyle Brodziak is hit by Matthew Tkachuk.
9:48 of 1st period - Shot by Tyler Seguin.
9:48 of 1st period - Shot Misses the Net.
9:50 of 1st period - Shot by Drew Doughty.
9:50 of 1st period - Shot Hit the Post.
9:52 of 1st period - Shot by Drew Doughty.
9:52 of 1st period - Shot Blocked by Dan Hamhuis.
10:47 of 1st period - Shot by Filip Forsberg.
10:47 of 1st period - Shot Blocked by Brandon Carlo.
11:05 of 1st period - Shot by David Pastrnak.
11:05 of 1st period - Deflect By Sean Monahan.
11:05 of 1st period - Stopped by Cam Ward without a rebound.
11:06 of 1st period - Joe Thornton wins face-off versus Frans Nielsen in Panthers zone.
11:06 of 1st period - Joe Thornton is hit by Micheal Ferland.
11:09 of 1st period - Icing by Andrew Ladd.
11:10 of 1st period - Joe Thornton wins face-off versus Ryan Hartman in Panthers zone.
11:21 of 1st period - Shot by Andrew Ladd.
11:21 of 1st period - Shot Misses the Net.
11:31 of 1st period - Shot by Joe Thornton.
11:31 of 1st period - Shot Misses the Net.
12:10 of 1st period - Shot by Tyler Toffoli.
12:10 of 1st period - Stopped by Cam Ward with a rebound.
12:12 of 1st period - Shot by Filip Forsberg.
12:12 of 1st period - Stopped by Cam Ward without a rebound.
12:13 of 1st period - Tyler Seguin wins face-off versus David Pastrnak in Panthers zone.
12:21 of 1st period - Drew Doughty is hit by Jake Gardiner and loses puck.
12:26 of 1st period - Shot by Blake Wheeler.
12:26 of 1st period - Goal by Blake Wheeler - RedWings : 0 - Panthers : 1.
12:27 of 1st period - Aleksander Barkov wins face-off versus Andrew Cogliano in neutral zone.
12:58 of 1st period - Icing by Charlie McAvoy.
12:59 of 1st period - Aleksander Barkov wins face-off versus Brayden Schenn in Panthers zone.
13:06 of 1st period - Filip Forsberg is hit by Brandon Carlo and loses puck.
13:09 of 1st period - Shot by Brayden Schenn.
13:09 of 1st period - Shot Misses the Net.
13:11 of 1st period - Shot by Brayden Schenn.
13:11 of 1st period - Stopped by Cam Ward without a rebound.
13:12 of 1st period - Tyler Seguin wins face-off versus Sean Monahan in Panthers zone.
13:19 of 1st period - Nick Jensen is hit by Blake Wheeler.
13:52 of 1st period - Shot by Blake Wheeler.
13:52 of 1st period - Shot Blocked by Ben Lovejoy.
13:54 of 1st period - Shot by T.J. Brodie.
13:54 of 1st period - Goal by T.J. Brodie - RedWings : 0 - Panthers : 2.
13:55 of 1st period - Brayden Schenn wins face-off versus Luke Glendening in neutral zone.
14:13 of 1st period - Shot by Luke Glendening.
14:13 of 1st period - Shot Misses the Net.
14:15 of 1st period - Shot by Joel Armia.
14:15 of 1st period - Shot Misses the Net.
14:19 of 1st period - Shot by Melker Karlsson.
14:19 of 1st period - Stopped by John Gibson with a rebound.
14:21 of 1st period - Shot by Melker Karlsson.
14:21 of 1st period - Shot Misses the Net.
14:42 of 1st period - Minor Penalty to Nikolaj Ehlers for High sticking.
14:43 of 1st period - Sean Monahan wins face-off versus Luke Glendening in Panthers zone.
14:43 of 1st period - Sean Monahan is hit by Drew Doughty.
14:49 of 1st period - Shot by Sean Monahan.
14:49 of 1st period - Shot Misses the Net.
14:59 of 1st period - T.J. Brodie is hit by Micheal Ferland and loses puck.
15:36 of 1st period - Shot by Tyler Toffoli.
15:36 of 1st period - Deflect By Brayden Schenn.
15:36 of 1st period - Shot Blocked by Drew Doughty.
15:53 of 1st period - Shot by Andrew Cogliano.
15:53 of 1st period - Shot Misses the Net.
16:59 of 1st period - Shot by Erik Haula.
16:59 of 1st period - Deflect By Kyle Brodziak.
16:59 of 1st period - Shot Blocked by Francois Beauchemin.
17:01 of 1st period - Shot by Nick Jensen.
17:01 of 1st period - Shot Misses the Net.
17:03 of 1st period - Shot by Dan Hamhuis.
17:03 of 1st period - Stopped by Cam Ward with a rebound.
17:05 of 1st period - Shot by Andrew Cogliano.
17:05 of 1st period - Shot Misses the Net.
17:07 of 1st period - Shot by Kyle Brodziak.
17:07 of 1st period - Stopped by Cam Ward with a rebound.
17:09 of 1st period - Shot by Erik Haula.
17:09 of 1st period - Goal by Erik Haula - RedWings : 1 - Panthers : 2.
17:10 of 1st period - Aleksander Barkov wins face-off versus Micheal Ferland in neutral zone.
17:34 of 1st period - Shot by Nikolaj Ehlers.
17:34 of 1st period - Shot Misses the Net.
17:42 of 1st period - Shot by Patrik Laine.
17:42 of 1st period - Deflect By Aleksander Barkov.
17:42 of 1st period - Stopped by John Gibson without a rebound.
17:43 of 1st period - Tyler Seguin wins face-off versus Brayden Schenn in RedWings zone.
17:56 of 1st period - Brayden Schenn is hit by Blake Wheeler and loses puck.
18:32 of 1st period - Minor Penalty to Joe Thornton for Hooking.
18:33 of 1st period - Luke Glendening wins face-off versus Sean Monahan in Panthers zone.
18:45 of 1st period - Icing by Jake Gardiner.
18:46 of 1st period - Luke Glendening wins face-off versus Sean Monahan in RedWings zone.
18:50 of 1st period - Icing by Jake Gardiner.
18:51 of 1st period - Melker Karlsson wins face-off versus Sean Monahan in RedWings zone.
19:38 of 1st period - Shot by Luke Glendening.
19:38 of 1st period - Stopped by John Gibson without a rebound.
19:39 of 1st period - Aleksander Barkov wins face-off versus Brayden Schenn in RedWings zone.
Goals for this period are 1 for RedWings vs 2 for Panthers.
Shots for this period are 11 for RedWings vs 10 for Panthers.

2nd period


0:01 of 2nd period - Sean Monahan wins face-off versus Luke Glendening in neutral zone.
0:38 of 2nd period - Shot by Filip Forsberg.
0:38 of 2nd period - Shot Misses the Net.
0:40 of 2nd period - Shot by Paul Martin.
0:40 of 2nd period - Shot Misses the Net.
0:58 of 2nd period - Shot by Brayden Schenn.
0:58 of 2nd period - Stopped by Cam Ward without a rebound.
0:59 of 2nd period - Aleksander Barkov wins face-off versus Kyle Brodziak in Panthers zone.
1:01 of 2nd period - T.J. Brodie is hit by Andrew Cogliano and loses puck.
1:07 of 2nd period - Minor Penalty to Erik Haula for Tripping.
1:08 of 2nd period - Aleksander Barkov wins face-off versus Kyle Brodziak in RedWings zone.
1:31 of 2nd period - Shot by Michael Matheson.
1:31 of 2nd period - Shot Misses the Net.
1:35 of 2nd period - Shot by Nikolaj Ehlers.
1:35 of 2nd period - Stopped by John Gibson without a rebound.
1:36 of 2nd period - Tyler Seguin wins face-off versus Kyle Brodziak in RedWings zone.
2:10 of 2nd period - Charlie McAvoy is hit by Kyle Brodziak and loses puck.
2:52 of 2nd period - Shot by Patrik Laine.
2:52 of 2nd period - Stopped by John Gibson without a rebound.
2:53 of 2nd period - Frans Nielsen wins face-off versus Aleksander Barkov in RedWings zone.
3:21 of 2nd period - Shot by Andrew Ladd.
3:21 of 2nd period - Shot Misses the Net.
3:23 of 2nd period - Shot by Justin Williams.
3:23 of 2nd period - Shot Misses the Net.
3:33 of 2nd period - Shot by Joe Thornton.
3:33 of 2nd period - Stopped by John Gibson without a rebound.
3:34 of 2nd period - Brayden Schenn wins face-off versus Tyler Seguin in RedWings zone.
3:51 of 2nd period - Shot by Tyler Seguin.
3:51 of 2nd period - Shot Misses the Net.
4:03 of 2nd period - Shot by Tyler Toffoli.
4:03 of 2nd period - Shot Blocked by Drew Doughty.
4:05 of 2nd period - Shot by Tyler Toffoli.
4:05 of 2nd period - Stopped by Cam Ward with a rebound.
4:07 of 2nd period - Shot by Dan Hamhuis.
4:07 of 2nd period - Stopped by Cam Ward without a rebound.
4:08 of 2nd period - Aleksander Barkov wins face-off versus Frans Nielsen in Panthers zone.
4:13 of 2nd period - Shot by Nikolaj Ehlers.
4:13 of 2nd period - Shot Misses the Net.
4:47 of 2nd period - Shot by Ryan Hartman.
4:47 of 2nd period - Shot Misses the Net.
5:08 of 2nd period - Minor Penalty to Joe Thornton for Holding.
5:09 of 2nd period - Luke Glendening wins face-off versus Brayden Schenn in Panthers zone.
5:17 of 2nd period - Icing by Andrew Cogliano.
5:18 of 2nd period - Brayden Schenn wins face-off versus Luke Glendening in RedWings zone.
5:18 of 2nd period - Brayden Schenn is hit by Luke Glendening.
5:41 of 2nd period - Shot by Brayden Schenn.
5:41 of 2nd period - Deflect By Tyler Toffoli.
5:41 of 2nd period - Stopped by Cam Ward with a rebound.
5:53 of 2nd period - Shot by Melker Karlsson.
5:53 of 2nd period - Stopped by John Gibson without a rebound.
5:54 of 2nd period - Aleksander Barkov wins face-off versus David Pastrnak in RedWings zone.
5:59 of 2nd period - Shot by Joel Armia.
5:59 of 2nd period - Shot Blocked by Jake Gardiner.
6:05 of 2nd period - Francois Beauchemin is hit by Micheal Ferland and loses puck.
6:14 of 2nd period - Shot by David Pastrnak.
6:14 of 2nd period - Deflect By Sean Monahan.
6:14 of 2nd period - Shot Misses the Net.
6:16 of 2nd period - Shot by Kris Russell.
6:16 of 2nd period - Stopped by Cam Ward with a rebound.
6:18 of 2nd period - Shot by Jake Gardiner.
6:18 of 2nd period - Shot Misses the Net.
6:20 of 2nd period - Shot by David Pastrnak.
6:20 of 2nd period - Deflect By Sean Monahan.
6:20 of 2nd period - Stopped by Cam Ward without a rebound.
6:21 of 2nd period - Luke Glendening wins face-off versus Brayden Schenn in Panthers zone.
6:21 of 2nd period - Luke Glendening is hit by Andrew Cogliano.
7:36 of 2nd period - Shot by Tyler Seguin.
7:36 of 2nd period - Goal by Tyler Seguin - RedWings : 1 - Panthers : 3.
7:37 of 2nd period - Frans Nielsen wins face-off versus Joe Thornton in neutral zone.
7:46 of 2nd period - Ben Lovejoy is hit by Joe Thornton and loses puck.
8:26 of 2nd period - Minor Penalty to Patrik Laine for Hooking.
8:27 of 2nd period - Luke Glendening wins face-off versus Andrew Cogliano in Panthers zone.
8:27 of 2nd period - Luke Glendening is hit by Brayden Schenn.
8:37 of 2nd period - Shot by Jake Gardiner.
8:37 of 2nd period - Stopped by Cam Ward with a rebound.
8:39 of 2nd period - Shot by Kris Russell.
8:39 of 2nd period - Goal by Kris Russell - RedWings : 2 - Panthers : 3.
8:40 of 2nd period - Tyler Seguin wins face-off versus Sean Monahan in neutral zone.
8:50 of 2nd period - Blake Wheeler is hit by Paul Martin and loses puck.
9:11 of 2nd period - Shot by Sean Monahan.
9:11 of 2nd period - Stopped by Cam Ward without a rebound.
9:12 of 2nd period - Brayden Schenn wins face-off versus Patrik Laine in Panthers zone.
9:16 of 2nd period - Filip Forsberg is hit by Brandon Carlo and loses puck.
10:21 of 2nd period - Micheal Ferland is hit by Drew Doughty.
11:03 of 2nd period - Matthew Tkachuk is hit by Sean Monahan and loses puck.
11:09 of 2nd period - David Pastrnak is hit by Francois Beauchemin and loses puck.
11:22 of 2nd period - Jonathan Drouin is hit by Tyler Seguin and loses puck.
11:47 of 2nd period - Andrew Cogliano is hit by Francois Beauchemin and loses puck.
12:30 of 2nd period - Shot by Tyler Toffoli.
12:30 of 2nd period - Deflect By Brayden Schenn.
12:30 of 2nd period - Stopped by Cam Ward without a rebound.
12:31 of 2nd period - Joe Thornton wins face-off versus Frans Nielsen in Panthers zone.
12:31 of 2nd period - Joe Thornton is hit by Micheal Ferland.
13:03 of 2nd period - Shot by Andrew Ladd.
13:03 of 2nd period - Shot Blocked by Frans Nielsen.
13:11 of 2nd period - Dan Hamhuis is hit by Justin Williams and loses puck.
13:28 of 2nd period - Minor Penalty to Justin Williams for Interference.
13:29 of 2nd period - Luke Glendening wins face-off versus Brayden Schenn in Panthers zone.
13:29 of 2nd period - Luke Glendening is hit by Andrew Cogliano.
13:47 of 2nd period - Shot by Luke Glendening.
13:47 of 2nd period - Stopped by John Gibson without a rebound.
13:48 of 2nd period - Micheal Ferland wins face-off versus Luke Glendening in RedWings zone.
14:00 of 2nd period - Icing by Sean Monahan.
14:01 of 2nd period - Luke Glendening wins face-off versus Sean Monahan in RedWings zone.
15:06 of 2nd period - Shot by Aleksander Barkov.
15:06 of 2nd period - Stopped by John Gibson without a rebound.
15:07 of 2nd period - Luke Glendening wins face-off versus Brayden Schenn in RedWings zone.
15:42 of 2nd period - Blake Wheeler is hit by Nick Jensen.
16:02 of 2nd period - Shot by Tyler Seguin.
16:02 of 2nd period - Shot Blocked by Nick Jensen.
16:04 of 2nd period - Shot by Tyler Seguin.
16:04 of 2nd period - Stopped by John Gibson with a rebound.
16:06 of 2nd period - Shot by Brandon Carlo.
16:06 of 2nd period - Shot Blocked by Nick Jensen.
16:43 of 2nd period - Aleksander Barkov is hit by Nick Jensen and loses puck.
16:50 of 2nd period - Shot by Aleksander Barkov.
16:50 of 2nd period - Stopped by John Gibson without a rebound.
16:51 of 2nd period - Joe Thornton wins face-off versus Filip Forsberg in RedWings zone.
17:10 of 2nd period - Shot by Joe Thornton.
17:10 of 2nd period - Stopped by John Gibson with a rebound.
17:22 of 2nd period - Shot by Andrew Ladd.
17:22 of 2nd period - Stopped by John Gibson without a rebound.
17:23 of 2nd period - Sean Monahan wins face-off versus Tyler Seguin in RedWings zone.
17:52 of 2nd period - Matthew Tkachuk is hit by Kris Russell and loses puck.
19:10 of 2nd period - Aleksander Barkov is hit by Dan Hamhuis and loses puck.
19:25 of 2nd period - Icing by Drew Doughty.
19:26 of 2nd period - Frans Nielsen wins face-off versus Joe Thornton in Panthers zone.
19:59 of 2nd period - Shot by T.J. Brodie.
19:59 of 2nd period - Shot Hit the Post.
Goals for this period are 1 for RedWings vs 1 for Panthers.
Shots for this period are 10 for RedWings vs 11 for Panthers.

3rd period


0:01 of 3rd period - Tyler Seguin wins face-off versus Brayden Schenn in neutral zone.
0:19 of 3rd period - Jake Gardiner is hit by T.J. Brodie and loses puck.
0:23 of 3rd period - Minor Penalty to Filip Forsberg for Interference.
0:24 of 3rd period - Aleksander Barkov wins face-off versus Kyle Brodziak in RedWings zone.
0:25 of 3rd period - Shot by Drew Doughty.
0:25 of 3rd period - Shot Blocked by Paul Martin.
0:27 of 3rd period - Shot by Drew Doughty.
0:27 of 3rd period - Stopped by John Gibson without a rebound.
0:28 of 3rd period - Aleksander Barkov wins face-off versus Kyle Brodziak in RedWings zone.
1:23 of 3rd period - Shot by Matthew Tkachuk.
1:23 of 3rd period - Shot Misses the Net.
1:25 of 3rd period - Shot by T.J. Brodie.
1:25 of 3rd period - Shot Blocked by Jake Gardiner.
1:34 of 3rd period - Icing by Blake Wheeler.
1:35 of 3rd period - Tyler Seguin wins face-off versus Kyle Brodziak in Panthers zone.
2:10 of 3rd period - Frans Nielsen is hit by Matthew Tkachuk and loses puck.
2:33 of 3rd period - Shot by Filip Forsberg.
2:33 of 3rd period - Stopped by Cam Ward without a rebound.
2:34 of 3rd period - Sean Monahan wins face-off versus Justin Williams in Panthers zone.
2:35 of 3rd period - Shot by David Pastrnak.
2:35 of 3rd period - Stopped by Cam Ward with a rebound.
3:33 of 3rd period - Shot by Aleksander Barkov.
3:33 of 3rd period - Stopped by John Gibson without a rebound.
3:34 of 3rd period - Luke Glendening wins face-off versus Brayden Schenn in RedWings zone.
3:39 of 3rd period - Shot by Luke Glendening.
3:39 of 3rd period - Stopped by John Gibson without a rebound.
3:39 of 3rd period - Minor Penalty to John Gibson for Slashing.
3:40 of 3rd period - Kyle Brodziak wins face-off versus Tyler Seguin in RedWings zone.
3:57 of 3rd period - Shot by Matthew Tkachuk.
3:57 of 3rd period - Deflect By Blake Wheeler.
3:57 of 3rd period - Stopped by John Gibson with a rebound.
4:50 of 3rd period - Icing by Drew Doughty.
4:51 of 3rd period - Aleksander Barkov wins face-off versus Kyle Brodziak in Panthers zone.
5:14 of 3rd period - Shot by Patrik Laine.
5:14 of 3rd period - Stopped by John Gibson without a rebound.
5:15 of 3rd period - Aleksander Barkov wins face-off versus Frans Nielsen in RedWings zone.
7:41 of 3rd period - Jake Gardiner is hit by Patrik Laine and loses puck.
8:38 of 3rd period - Shot by Sean Monahan.
8:38 of 3rd period - Stopped by Cam Ward without a rebound.
8:39 of 3rd period - Joe Thornton wins face-off versus Kyle Brodziak in Panthers zone.
8:44 of 3rd period - Andrew Cogliano is hit by Andrew Ladd and loses puck.
8:54 of 3rd period - Off-side.
8:55 of 3rd period - Sean Monahan wins face-off versus Tyler Seguin in neutral zone.
10:21 of 3rd period - Off-side.
10:22 of 3rd period - Brayden Schenn wins face-off versus Luke Glendening in neutral zone.
10:32 of 3rd period - Melker Karlsson is hit by Ben Lovejoy and loses puck.
11:18 of 3rd period - T.J. Brodie is hit by Jake Gardiner and loses puck.
11:35 of 3rd period - Shot by T.J. Brodie.
11:35 of 3rd period - Shot Misses the Net.
11:37 of 3rd period - Shot by Patrik Laine.
11:37 of 3rd period - Stopped by John Gibson without a rebound.
11:38 of 3rd period - Joe Thornton wins face-off versus Sean Monahan in RedWings zone.
11:49 of 3rd period - Shot by Andrew Ladd.
11:49 of 3rd period - Deflect By Joe Thornton.
11:49 of 3rd period - Shot Blocked by Paul Martin.
11:51 of 3rd period - Shot by Michael Matheson.
11:51 of 3rd period - Stopped by John Gibson with a rebound.
12:01 of 3rd period - Shot by Joe Thornton.
12:01 of 3rd period - Deflect By Andrew Ladd.
12:01 of 3rd period - Shot Blocked by Dan Hamhuis.
12:13 of 3rd period - Shot by Sean Monahan.
12:13 of 3rd period - Deflect By David Pastrnak.
12:13 of 3rd period - Stopped by Cam Ward with a rebound.
12:30 of 3rd period - Sean Monahan is hit by Drew Doughty and loses puck.
12:41 of 3rd period - Shot by Blake Wheeler.
12:41 of 3rd period - Shot Misses the Net.
12:57 of 3rd period - Shot by Blake Wheeler.
12:57 of 3rd period - Stopped by John Gibson without a rebound.
12:58 of 3rd period - Brayden Schenn wins face-off versus Aleksander Barkov in RedWings zone.
13:05 of 3rd period - Shot by Aleksander Barkov.
13:05 of 3rd period - Shot Misses the Net.
13:07 of 3rd period - Shot by Aleksander Barkov.
13:07 of 3rd period - Shot Misses the Net.
13:09 of 3rd period - Shot by Charlie McAvoy.
13:09 of 3rd period - Shot Misses the Net.
13:11 of 3rd period - Shot by Aleksander Barkov.
13:11 of 3rd period - Deflect By Patrik Laine.
13:11 of 3rd period - Stopped by John Gibson without a rebound.
13:12 of 3rd period - Luke Glendening wins face-off versus Frans Nielsen in RedWings zone.
14:15 of 3rd period - Icing by Ben Lovejoy.
14:16 of 3rd period - Micheal Ferland wins face-off versus Aleksander Barkov in RedWings zone.
14:33 of 3rd period - Shot by Aleksander Barkov.
14:33 of 3rd period - Shot Misses the Net.
14:45 of 3rd period - Shot by Patrik Laine.
14:45 of 3rd period - Goal by Patrik Laine - RedWings : 2 - Panthers : 4.
14:46 of 3rd period - Tyler Seguin wins face-off versus Sean Monahan in neutral zone.
14:48 of 3rd period - Blake Wheeler is hit by Dan Hamhuis and loses puck.
15:43 of 3rd period - Shot by Joe Thornton.
15:43 of 3rd period - Shot Misses the Net.
16:04 of 3rd period - T.J. Brodie is hit by Dan Hamhuis and loses puck.
16:45 of 3rd period - Shot by Aleksander Barkov.
16:45 of 3rd period - Stopped by John Gibson without a rebound.
16:46 of 3rd period - Luke Glendening wins face-off versus Brayden Schenn in RedWings zone.
16:49 of 3rd period - Shot by Joel Armia.
16:49 of 3rd period - Stopped by John Gibson with a rebound.
17:26 of 3rd period - Shot by Filip Forsberg.
17:26 of 3rd period - Shot Misses the Net.
17:29 of 3rd period - Icing by Charlie McAvoy.
17:30 of 3rd period - Frans Nielsen wins face-off versus Luke Glendening in Panthers zone.
17:31 of 3rd period - Shot by Micheal Ferland.
17:31 of 3rd period - Shot Misses the Net.
17:33 of 3rd period - Shot by Micheal Ferland.
17:33 of 3rd period - Shot Blocked by Luke Glendening.
17:35 of 3rd period - Shot by Ryan Hartman.
17:35 of 3rd period - Stopped by Cam Ward without a rebound.
17:36 of 3rd period - Tyler Seguin wins face-off versus Frans Nielsen in Panthers zone.
17:36 of 3rd period - Drew Doughty is hit by Micheal Ferland and loses puck.
17:51 of 3rd period - Icing by Ben Lovejoy.
17:52 of 3rd period - Aleksander Barkov wins face-off versus Frans Nielsen in RedWings zone.
17:52 of 3rd period - Aleksander Barkov is hit by Ben Lovejoy.
18:01 of 3rd period - Aleksander Barkov is hit by Ben Lovejoy and loses puck.
18:10 of 3rd period - Shot by Nikolaj Ehlers.
18:10 of 3rd period - Shot Misses the Net.
18:14 of 3rd period - Shot by Aleksander Barkov.
18:14 of 3rd period - Shot Misses the Net.
18:16 of 3rd period - Shot by Patrik Laine.
18:16 of 3rd period - Stopped by John Gibson with a rebound.
18:18 of 3rd period - Shot by Michael Matheson.
18:18 of 3rd period - Shot Blocked by Nick Jensen.
19:41 of 3rd period - Shot by Filip Forsberg.
19:41 of 3rd period - Stopped by Cam Ward with a rebound.
Goals for this period are 0 for RedWings vs 1 for Panthers.
Shots for this period are 6 for RedWings vs 13 for Panthers.